 Dungeon Crawl Stone Soup version 0.26-a0-1033-gd598b01645 (webtiles) character file.

Game seed: 2199878893086362823

2767 robertstho the Slinger (level 10, 0/68 HPs)
             Began as a Halfling Hunter on Dec 10, 2020.
             Was a Follower of Okawaru.
             Splashed by Maurice's acid (14 damage)
             ... on level 8 of the Dungeon.
             The game lasted 00:15:36 (7586 turns).

robertstho the Slinger (Halfling Hunter)            Turns: 7586, Time: 00:15:36

Health: 0/68       AC:  6    Str: 16    XL:     10   Next: 1%
Magic:  20/20      EV: 14    Int:  9    God:    Okawaru [*.....]
Gold:   379        SH:  0    Dex: 16    Spells: 9/9 levels left

rFire    . . .     SeeInvis .   z - +1 long sword (vorpal)
rCold    . . .     Faith    .   (shield restricted)
rNeg     . . .     Spirit   .   J - +0 ring mail (curse)
rPois    .         Reflect  .   A - +0 helmet
rElec    .         Harm     .   G - +1 cloak {Will+}
rCorr    .         Rampage  .   e - +0 pair of gloves
Will     +....                  (no boots)
Stlth    +.........             (no amulet)
HPRegen  0.21/turn              x - ring of magical power
MPRegen  0.17/turn              (no ring)

@: corroded
A: small, mutation resistance 1
a: Heroism, Renounce Religion


You were on level 8 of the Dungeon.
You worshipped Okawaru.
Okawaru was aware of your devotion.
You visited 2 branches of the dungeon, and saw 9 of its levels.

You collected 401 gold pieces.
You spent 22 gold pieces at shops.

Inventory:

Hand Weapons
 c - a +2 morningstar of protection
 d - a +0 hunting sling of flaming
 z - a +1 vorpal long sword (weapon)
 I - a +1 falchion of holy wrath
Missiles
 r - 44 sling bullets
 t - 160 stones (quivered ammo)
Armour
 e - a +0 pair of gloves (worn)
 v - a scarf of resistance
 A - a +0 helmet (worn)
 E - a +0 chain mail
 G - a +1 cloak of willpower (worn)
 J - a cursed +0 ring mail (worn)
Jewellery
 x - a ring of magical power (left hand)
 H - an uncursed amulet of reflection {unknown}
Wands
 a - a wand of random effects (19)
 k - a wand of polymorph (11)
 D - a wand of disintegration (19)
 F - a wand of enslavement (6)
Scrolls
 b - a scroll of enchant weapon {unknown}
 f - 2 scrolls of magic mapping
 g - a scroll of fear
 i - a scroll of teleportation
 j - 5 scrolls of remove curse
 n - a scroll of fog {unknown}
 q - a scroll of blinking {unknown}
 u - a scroll of noise {unknown}
 w - a scroll of enchant armour {unknown}
 y - a scroll of random uselessness {unknown}
Potions
 h - 3 potions of haste
 l - 2 potions of might {unknown}
 m - 2 potions of heal wounds
 o - 2 potions of brilliance {unknown}
 p - 4 potions of flight {unknown}
 s - a potion of curing {unknown}
 B - 2 potions of cancellation {unknown}
 C - a potion of ambrosia {unknown}


   Skills:
 * Level 6.2 Fighting
 + Level 0.2(0.5) Short Blades
 + Level 0.5(0.6) Long Blades
 * Level 14.2 Slings
 * Level 4.8 Armour
 + Level 2.5 Dodging
 + Level 1.4 Stealth
 * Level 2.2 Invocations


You had 9 spell levels left.
You didn't know any spells.
Your spell library contained the following spells:

 Spells                   Type           Power        Failure   Level
 Confusing Touch          Hex            #.......     91%         3
 Gell's Gravitas          Tloc           #.........   91%         3
 Petrify                  Tmut/Erth      #.......     100%        4
 Metabolic Englaciation   Hex/Ice        #.........   100%        5
 Yara's Violent Unravell  Hex/Tmut       #.........   100%        5


Dungeon Overview and Level Annotations

Branches:
Dungeon (8/15)             Temple (1/1) D:7
   Lair: D:8-11

Altars:
Cheibriados
Dithmenos
Gozag
Hepliaklqana
Makhleb
Nemelex Xobeh
Okawaru
Qazlal
Ru
Sif Muna
Trog
Vehumet
Wu Jian
Yredelemnul
Zin

Shops:
D:6 (

Annotations:
D:8 Maurice


Innate Abilities, Weirdness & Mutations

You are small and have problems with some larger weapons.
You are somewhat resistant to further mutation.


Message History

You see here a stone.
A stone appears from out of thin air!
The stone hits you but does no damage.
You see here 2 stones.
You see here a stone.
You hear some strange, mumbled words.
You see here a stone.
You see here a stone.
t - 160 stones (gained 1)
A stone appears from out of thin air!
The stone hits you but does no damage.
A stone appears from out of thin air!
The stone hits you but does no damage.
You see here 2 stones.
You hear a zap.
A bolt of acid appears from out of thin air!
The bolt of acid hits you!! The acid corrodes you!
You are splashed with acid!
You hear a zap.
A bolt of acid appears from out of thin air!
The bolt of acid hits you!!
* * * LOW HITPOINT WARNING * * *
You are splashed with acid!
You die...

#.... +... #..
#### #.#
####(..#######.#
....(..?.......#
.....{((@.(....#
...........(..<#
......>(((...(.#
#.##...####+####
# #... .....
...... ......


There were no monsters in sight!

Vanquished Creatures
  Joseph (D:7)
  Sigmund (D:6)
  A water moccasin (D:7)
  Duvessa (D:7)
  An orc warrior (D:6)
  2 ice beasts
  A black bear (D:7)
  2 sky beasts
  2 phantoms
  2 ogres
  Dowan (D:7)
  2 scorpions
  A water moccasin skeleton (D:4)
  A howler monkey (D:5)
  A bullfrog zombie (D:5)
  5 hounds
  2 centaur zombies
  Crazy Yiuf (D:7)
  An orc priest (D:6)
  A centaur skeleton (D:6)
  Jessica (D:2)
  Ijyb (D:3)
  Natasha (thrice) (D:2)
  2 orc wizards (D:4)
  4 worker ants
  A hound zombie (D:5)
  10 adders
  7 gnolls
  A white imp (D:6)
  2 ufetubi (D:5)
  An adder skeleton (D:4)
  5 dart slugs
  6 leopard geckos
  21 orcs
  2 ball pythons (D:1)
  5 giant cockroaches
  15 goblins
  12 hobgoblins
  9 jackals
  17 kobolds
  3 quokkas
  11 bats
  3 frilled lizards
  A jackal skeleton (D:7)
  A leopard gecko zombie (D:6)
  3 quokka skeletons
  5 rats
  A spectral orc (D:7)
183 creatures vanquished.

Vanquished Creatures (others)
  4 plants (D:6)
4 creatures vanquished.

Grand Total: 187 creatures vanquished

Notes
Turn   | Place    | Note
-------+----------+-------------------------------------------
     0 | D:1      | robertstho the Halfling Hunter began the quest for the Orb.
     0 | D:1      | Reached XP level 1. HP: 14/14 MP: 1/1
   133 | D:1      | Reached skill level 6 in Slings
   142 | D:1      | Reached skill level 1 in Armour
   145 | D:1      | Reached XP level 2. HP: 19/19 MP: 2/2
   359 | D:1      | Reached XP level 3. HP: 24/24 MP: 3/3
   799 | D:1      | Reached skill level 7 in Slings
   913 | D:2      | Noticed Jessica
   914 | D:2      | Killed Jessica
   915 | D:2      | Reached XP level 4. HP: 29/29 MP: 4/4
  1031 | D:2      | Noticed Natasha
  1038 | D:2      | Killed Natasha
  1039 | D:2      | Reached XP level 5. HP: 27/34 MP: 5/5
  1083 | D:2      | Noticed Natasha
  1096 | D:2      | Killed Natasha
  1097 | D:2      | Reached skill level 8 in Slings
  1381 | D:2      | Noticed Natasha
  1393 | D:2      | Killed Natasha
  1831 | D:3      | Reached XP level 6. HP: 41/41 MP: 6/6
  2167 | D:3      | Reached skill level 9 in Slings
  2614 | D:3      | Noticed Ijyb
  2628 | D:3      | Killed Ijyb
  2857 | D:3      | Found an opulent altar of Gozag.
  2914 | D:3      | Found a sacrificial altar of Ru.
  3007 | D:4      | Found a sparkling altar of Nemelex Xobeh.
  3289 | D:4      | Reached XP level 7. HP: 39/45 MP: 7/7
  3364 | D:4      | Reached skill level 10 in Slings
  3940 | D:4      | Found an ornate altar of the Wu Jian Council.
  3940 | D:4      | Found a burning altar of Makhleb.
  4194 | D:4      | Reached skill level 11 in Slings
  4370 | D:5      | Entered Level 5 of the Dungeon
  4379 | D:5      | Reached XP level 8. HP: 51/52 MP: 8/8
  4566 | D:5      | You fall into a shaft and drop 2 floors!
  4583 | D:7      | Noticed Joseph
  4604 | D:7      | Reached skill level 12 in Slings
  4622 | D:7      | Killed Joseph
  4771 | D:7      | Reached XP level 9. HP: 43/59 MP: 9/9
  4860 | D:7      | Found a snail-covered altar of Cheibriados.
  4879 | D:7      | Reached skill level 13 in Slings
  5004 | D:7      | Noticed Duvessa
  5004 | D:7      | Noticed Dowan
  5027 | D:7      | Killed Duvessa
  5032 | D:7      | Killed Dowan
  5033 | D:7      | Reached skill level 5 in Fighting
  5176 | D:7      | Found a staircase to the Ecumenical Temple.
  5382 | Temple   | Entered the Ecumenical Temple
  5480 | Temple   | Became a worshipper of Warmaster Okawaru
  5586 | D:7      | Found a runed translucent door.
  5587 | D:7      | Noticed Crazy Yiuf
  5631 | D:7      | Found a hazy altar of Hepliaklqana.
  5731 | D:7      | Found a basalt altar of Yredelemnul.
  5837 | D:7      | Killed Crazy Yiuf
  6455 | D:6      | Reached skill level 1 in Invocations
  6469 | D:6      | Noticed Sigmund
  6487 | D:6      | Killed Sigmund
  6488 | D:6      | Reached skill level 14 in Slings
  7010 | D:6      | Reached * piety under Okawaru
  7175 | D:6      | Found Corous's Weapon Shoppe.
  7178 | D:6      | Bought 22 stones for 22 gold pieces
  7228 | D:6      | Found a bloodstained altar of Trog.
  7319 | D:6      | Reached XP level 10. HP: 68/68 MP: 11/11
  7554 | D:8      | Noticed Maurice
  7586 | D:8      | Splashed by Maurice's acid

Illustrated notes

Levels and vault maps discovered:
D:1:      minmay_arrival_doors, layout_basic, serial_corexii_hall,
          corexii_hall_statues_s, chequers_hall_statues_y,
          chequers_serial_rivers_micro_c, minmay_liquid_box, hex_intersection
D:2:      layout_rooms, uniq_jessica, uniq_natasha
D:3:      layout_basic, general_overflow_altar, lemuel_round_altar, uniq_ijyb
D:4:      minmay_angry_zag, layout_basic, gammafunk_temple_overflow_wave,
          nemelex_altar_shiori
D:5:      layout_loops_ring, xom_teletrap_fun, lemuel_round_altar
D:6:      corexii_shantytown, layout_loops_cross, serial_shops, kennysheep_mini,
          trog_hazing_becter, uniq_sigmund
D:7:      layout_rooms, overflow_temple_1_default,
          yredelemnul_forgotten_temple_becter, minmay_temple_entry_arrows,
          lemuel_altar_in_water, uniq_crazy_yiuf_cottage, uniq_duvessa,
          uniq_joseph
D:8:      layout_gridville, nicolae_overflow_crystal_walls, tgw_trog,
          kennysheep_little_box, serial_shops, shop, minmay_misc_feat_pillars,
          hangedman_decor_riveting, uniq_maurice
Temple:   minmay_temple_curvy_loop

Skill      XL: |  1  2  3  4  5  6  7  8  9 |
---------------+----------------------------+-----
Slings         | 6 7 8 9 11 12 14 | 14.2
Armour         | 1 2 3 4 |  4.8
Fighting       | 2 3 4 6 |  6.2
Invocations    | 2 |  2.2
Short Blades   | |  0.2
Long Blades    | |  0.5
Dodging        | |  2.5
Stealth        | |  1.4

Action                   |  1- 3 |  4- 6 |  7- 9 | 10-12 || total
-------------------------+-------+-------+-------+-------++-------
Melee: Short sword       |       |    23 |       |       ||    23
       Long sword        |       |     3 |    23 |       ||    26
       Hunting sling     |       |       |     3 |       ||     3
 Fire: Hunting sling     |    46 |   162 |   560 |    15 ||   783
Evoke: Wand              |       |       |     3 |       ||     3
  Use: Potion            |       |     4 |     3 |       ||     7
       Scroll            |       |       |     8 |       ||     8
Armor: Leather armour    |     4 |     8 |       |       ||    12
       Chain mail        |       |    10 |   107 |       ||   117
       Scale mail        |       |     2 |       |       ||     2
       Ring mail         |       |       |     9 |     3 ||    12
Dodge: Dodged            |     9 |    49 |    95 |     2 ||   155
       Rpst.: Long sword |       |       |     2 |       ||     2

Table legend: (Time is in decaauts)
 A = Elapsed time spent in this place.
 B = Non-inter-level travel time spent in this place.
 C = Inter-level travel time spent in this place.
 D = Time resting spent in this place.
 E = Time spent auto-exploring this place.
 F = Levels seen in this place.
 G = Mean time per level.
                   A        B        C        D        E       F      G
               +--------+--------+--------+--------+--------+-----+--------+
         Total |   7295 |   6988 |    307 |    191 |   5656 |   9 |  810.6 |
       Dungeon |   7140 |   6900 |    240 |    191 |   5569 |   8 |  892.5 |
        Temple |    155 |     89 |     66 |      0 |     87 |   1 |  155.0 |
               +--------+--------+--------+--------+--------+-----+--------+

Top non-repeatable levels by time:
     D:6: 1416 daAuts
     D:4: 1331 daAuts
     D:3: 1275 daAuts
     D:7: 1241 daAuts
     D:1: 860 daAuts
     D:2: 810 daAuts
     D:5: 177 daAuts
  Temple: 155 daAuts
     D:8: 25 daAuts
